 Dungeon Crawl Stone Soup version 0.14.0-24-gfb45beb (webtiles) character file.

4111 staplegun the Fighter (level 10, -1/68 HPs)
             Began as a Gargoyle Berserker on Apr 23, 2014.
             Was an Elder of Trog.
             Slain by an orc warrior
             ... wielding a +0,+0 glaive
              (13 damage)
             ... on Level 9 of the Dungeon.
             The game lasted 00:08:35 (6408 turns).

staplegun the Fighter (Gargoyle Berserker)          Turns: 6408, Time: 00:08:35

HP  -1/68        AC 19     Str 25      XL: 10   Next: 16%
MP  10/10        EV  8     Int  7      God: Trog [****..]
Gold 338         SH  0     Dex  9      Spells:  0 memorised,  9 levels left

rFire  . . .     SeeInvis .     C - +2,+1 whip (freeze)
rCold  . . .     Clarity  .     x - +0 chain mail
rNeg   + . .     Conserve .     (no shield)
rPois  +         rCorr    .     (no helmet)
rElec  +         rRot     +     (no cloak)
SustAb . .       Spirit   .     r - +0 pair of gloves
rMut   .         Warding  .     (no boots)
Saprov . . .     Stasis   .     (no amulet)
MR     .....                    (no ring)
                                (no ring)

@: not resistant to hostile enchantments, extremely unstealthy
A: life protection 1, electricity resistance, unbreathing, petrification
resistance, AC +7
a: Burn Spellbooks, Berserk, Trog's Hand, Brothers in Arms, Renounce Religion


You were on level 9 of the Dungeon.
You worshipped Trog.
Trog was greatly pleased with you.
You were not hungry.

You visited 1 branch of the dungeon, and saw 9 of its levels.

You collected 338 gold pieces.

Inventory:

Hand weapons
 a - a +0,+0 mace
 u - a +2,+0 whip of electrocution
 C - a +2,+1 whip of freezing (weapon)
Armour
 b - a +0 animal skin
 r - a +0 pair of gloves (worn)
 x - a +0 chain mail (worn)
Magical devices
 y - a wand of paralysis (2) {unknown}
 G - a wand of disintegration (12) {unknown}
 K - a wand of lightning (6) {unknown}
Comestibles
 v - a slice of pizza
 w - 4 bread rations
 E - 9 strawberries
 H - a meat ration
Scrolls
 c - 2 scrolls of magic mapping {unknown}
 d - 2 scrolls of identify {unknown}
 e - 4 scrolls of blinking {unknown}
 f - 3 scrolls of teleportation {unknown}
 g - 2 scrolls of noise {unknown}
 j - a scroll of remove curse {unknown}
 q - 2 scrolls of enchant weapon I {unknown}
 s - a scroll of random uselessness {unknown}
 t - a scroll of enchant armour {unknown}
 A - 2 scrolls of fog {unknown}
 D - 2 scrolls of fear {unknown}
Jewellery
 k - an uncursed amulet of faith {unknown}
 l - an uncursed ring of poison resistance {unknown}
 p - an uncursed ring of sustain abilities {unknown}
 F - a cursed -2 ring of dexterity {unknown}
 J - an uncursed ring of fire {unknown}
Potions
 h - 2 potions of magic {unknown}
 i - a potion of beneficial mutation {unknown}
 m - 6 potions of heal wounds {unknown}
 n - 2 potions of poison {unknown}
 o - 4 potions of curing {unknown}
 z - a potion of invisibility {unknown}
 B - a potion of resistance {unknown}
 I - a potion of might {unknown}


   Skills:
 + Level 9.9 Fighting
 + Level 9.4 Maces & Flails
 + Level 9.2 Armour
 - Level 1.5 Dodging


You had 9 spell levels left.
You didn't know any spells.

Dungeon Overview and Level Annotations

Branches:
Dungeon (9/15)             Temple (0/1) D:5
    Orc: D:9-12        Lair: D:8-11

Altars:
Dithmenos
Kikubaaqudgha
Vehumet

Annotations:
D:4 Dowan
D:5 Eustachio


Innate Abilities, Weirdness & Mutations

You are resistant to torment.
You are immune to poison.
You are immune to rotting.
Your stone body is very resilient (AC +7).
You resist negative energy.
You are resistant to electric shocks.
You can survive without breathing.
You are immune to petrification.


Message History

You hit the orc warrior but do no damage.
The orc warrior is heavily wounded.
The orc warrior hits you with a glaive!
You closely miss the orc warrior.
The orc warrior is heavily wounded.
The orc barely misses you.
You closely miss the orc warrior.
The orc warrior is heavily wounded.
The orc warrior hits you with a glaive!
* * * LOW HITPOINT WARNING * * *
The orc barely misses you.
You are too injured to fight recklessly!
You are too injured to fight recklessly!
You are too injured to fight recklessly!
You are too injured to fight recklessly!
You are too injured to fight recklessly!
You hit the orc warrior but do no damage.
The orc warrior is heavily wounded.
The orc warrior hits you from afar with a glaive!
You die...

### .. ######## #####.
#......#
#<#.....##......##########
#.>....o)@................
#...#..o##################
....... ....... .......
...... ..... .... .


You could see an orc warrior and an orc.

Vanquished Creatures
  Pikel (D:5)
  A gargoyle (D:9)
  A necrophage (D:9)
  Edmund (D:4)
  2 water moccasins (D:7)
  4 sky beasts
  2 ice beasts
  2 ogres
  A centaur (D:8)
  A crocodile (D:7)
  Duvessa (D:4)
  5 giant frogs
  A cyclops zombie (D:8)
  2 scorpions
  8 killer bees (D:9)
  A troll skeleton (D:5)
  3 crimson imps
  3 hounds
  A giant frog zombie (D:8)
  8 worker ants
  An orc wizard (D:4)
  2 iguanas
  A worker ant zombie (D:9)
  A gnoll (D:4)
  11 adders
  4 worms
  An adder skeleton (D:6)
  5 giant geckos
  14 orcs
  11 bats
  7 giant cockroaches
  9 goblins
  15 hobgoblins
  6 jackals
  4 quokkas
  A ball python (D:3)
  6 giant newts
  A goblin skeleton (D:4)
  2 hobgoblin skeletons
  12 kobolds
  An orc zombie (D:7)
  8 rats
  A rat zombie (D:8)
173 creatures vanquished.

Vanquished Creatures (others)
  A giant cockroach (D:5)
1 creature vanquished.

Grand Total: 174 creatures vanquished

Notes
Turn   | Place    | Note
--------------------------------------------------------------
     0 | D:1      | staplegun, the Gargoyle Berserker, began the quest for the Orb.
     0 | D:1      | Reached XP level 1. HP: 14/14 MP: 1/1
   158 | D:1      | Reached XP level 2. HP: 19/19 MP: 2/2
   556 | D:1      | Acquired Trog's second power
   579 | D:1      | Reached XP level 3. HP: 21/24 MP: 3/3
   769 | D:2      | Reached skill level 4 in Fighting
   867 | D:2      | Found a radiant altar of Vehumet.
  1151 | D:2      | Reached XP level 4. HP: 24/29 MP: 4/4
  2351 | D:4      | Reached XP level 5. HP: 29/34 MP: 5/5
  2365 | D:4      | Reached skill level 5 in Fighting
  2492 | D:4      | Found an ancient bone altar of Kikubaaqudgha.
  2557 | D:4      | Reached XP level 6. HP: 36/40 MP: 6/6
  2610 | D:4      | Reached skill level 5 in Maces & Flails
  2730 | D:4      | Noticed Edmund
  2738 | D:4      | Killed Edmund
  2738 | D:4      | Reached XP level 7. HP: 41/45 MP: 7/7
  2866 | D:5      | Entered Level 5 of the Dungeon
  2866 | D:5      | Noticed Pikel
  2870 | D:5      | Killed Pikel
  2870 | D:5      | Reached skill level 6 in Fighting
  2870 | D:5      | Reached skill level 5 in Armour
  2870 | D:5      | Reached XP level 8. HP: 52/52 MP: 8/8
  2960 | D:5      | Found a staircase to the Ecumenical Temple.
  2992 | D:5      | Reached skill level 7 in Fighting
  3028 | D:5      | Noticed Dowan
  3028 | D:5      | Noticed Duvessa
  3029 | D:5      | Noticed Eustachio
  3050 | D:4      | Killed Duvessa
  3050 | D:4      | Acquired Trog's third power
  3997 | D:7      | Reached skill level 8 in Fighting
  3997 | D:7      | Reached XP level 9. HP: 57/59 MP: 9/9
  4880 | D:8      | Found a shadowy altar of Dithmenos.
  5239 | D:8      | Reached skill level 9 in Fighting
  5993 | D:9      | Reached XP level 10. HP: 42/66 MP: 10/10
  6303 | D:9      | Noticed a gargoyle
  6313 | D:9      | Killed a gargoyle
  6408 | D:9      | Slain by an orc warrior

Action                   |  1- 3 |  4- 6 |  7- 9 | 10-12 || total
-------------------------+-------+-------+-------+-------++-------
Melee: Mace              |   104 |    47 |       |       ||   151
       Whip              |       |   163 |   565 |    92 ||   820
Invok: Berserk           |       |     1 |     3 |     1 ||     5
       Trog's Hand       |       |       |     1 |       ||     1
